AoeStats
← 只会打步弓

Arena

509884335Analyzed
4v4 RM · 4d ago on Sep 28, 2026· 39m 27s· 8 players
Game mode
Random Map
Map size
Large (8 player)
Population
200
Speed
Normal
Resources
Standard
Victory
Conquest
Starting age
Dark Age
Ending age
Imperial Age
RankedLock teamsTeams togetherTeam positionsShared explorationLock speedFull tech treeHidden civsTurbo modeCheats
Victory
Defeat
🇨🇳 Turks · China
1575
+13
🇨🇳 Huns · China
1561
+13
🇨🇳 Burmese · China
1542
+14
🇨🇳 Bohemians · China
1526
+15
1516
-14
🇬🇧 Saxons · United Kingdom
1506
-14
🇧🇷 Mongols · Brazil
1505
-14
🇹🇼 Magyars · Taiwan
1484
-13
Humble Villager
10:31 Feudal Age
11:27 Double-Bit Axe
14:08 Castle Age
12:21 Horse Collar
15:10 Bow Saw
17:17 Loom
20:28 Wheelbarrow
21:43 Gold Mining
23:14 Heavy Plow
28:29 Imperial Age
26:13 Squires
25:58 Arson
26:29 Scale Mail Armor
27:27 Gold Shaft Mining
26:32 Clerical Recruitment
27:32 Chain Mail Armor
27:27 Forging
28:28 Hand Cart
28:10 Fletching
29:34 Conscription
28:40 Capped Ram
29:19 Shield Wall
30:03 Elite Hearth Troop
31:21 Siege Ram
32:50 Plate Mail Armor
32:56 Iron Casting
33:22 Elite Varangian Guard
TW_Dinko
11:08 Feudal Age
11:58 Horse Collar
12:08 Double-Bit Axe
15:01 Castle Age
17:18 Heavy Plow
17:29 Bow Saw
22:31 Wheelbarrow
22:57 Stone Mining
24:49 Scale Barding Armor
24:46 Gold Mining
25:34 Fletching
25:44 Padded Archer Armor
26:15 Bloodlines
26:05 Husbandry
27:07 Gold Shaft Mining
26:44 Thumb Ring
26:54 Loom
27:51 Bodkin Arrow
28:11 Leather Archer Armor
30:45 Imperial Age
28:38 Leather Archer Armor
29:11 Hand Cart
28:41 Town Watch
29:45 Chain Barding Armor
29:49 Ballistics
30:19 Town Patrol
32:27 Chemistry
31:32 Siege Engineers
31:56 Parthian Tactics
32:12 Conscription
32:27 Masonry
32:18 Bracer
32:48 Ring Archer Armor
32:18 Bracer
32:48 Ring Archer Armor
32:36 Cavalier
34:40 Plate Barding Armor
34:36 Ring Archer Armor
35:21 Two-Man Saw
34:55 Crop Rotation
36:53 Scale Mail Armor
39:37 Chain Mail Armor
38:53 Pikeman
39:18 Arson
Cadora
10:46 Feudal Age
14:53 Castle Age
12:56 Double-Bit Axe
12:51 Horse Collar
15:51 Bow Saw
19:44 Wheelbarrow
19:10 Fletching
22:06 Bodkin Arrow
24:00 Gold Mining
25:03 Hand Cart
26:08 Ballistics
31:14 Imperial Age
31:51 Elite Mangudai
35:48 Elite Mangudai
36:59 Bloodlines
36:50 Husbandry
Ares_Hong Bang- Trieu Dynasty
10:58 Feudal Age
12:50 Wheelbarrow
15:36 Castle Age
14:39 Gold Mining
14:37 Double-Bit Axe
15:14 Horse Collar
16:59 Bow Saw
17:20 Loom
17:51 Fletching
21:35 Bodkin Arrow
22:56 Ballistics
23:21 Padded Archer Armor
24:02 Masonry
24:46 Hand Cart
26:38 Stone Mining
37:03 Heavy Plow
LUCKY
11:29 Feudal Age
12:31 Double-Bit Axe
15:27 Castle Age
14:19 Horse Collar
16:23 Bow Saw
16:53 Heavy Plow
23:02 Wheelbarrow
23:24 Loom
24:02 Hand Cart
23:54 Stone Mining
24:55 Gold Mining
27:12 Gold Shaft Mining
26:39 Town Watch
31:34 Imperial Age
29:33 Marauders
29:51 Bloodlines
29:41 Husbandry
29:05 Light Cavalry
29:59 Scale Barding Armor
30:05 Forging
32:08 Chain Barding Armor
32:25 Iron Casting
31:39 Elite Tarkan
32:40 Conscription
33:30 Plate Barding Armor
33:28 Coinage
34:06 Two-Man Saw
35:21 Blast Furnace
38:24 Banking
37:48 Fletching
只会打步弓
9:40 Feudal Age
13:40 Castle Age
12:11 Double-Bit Axe
12:22 Horse Collar
19:39 Loom
21:54 Bow Saw
23:10 Wheelbarrow
23:43 Heavy Plow
24:49 Hand Cart
29:04 Imperial Age
27:07 Forging
26:46 Town Watch
28:05 Scale Mail Armor
28:34 Ballistics
29:24 Chemistry
28:45 Ballistics
28:43 Wagenburg Tactics
29:40 Iron Casting
28:52 Pikeman
29:32 Squires
29:50 Chain Mail Armor
30:25 Conscription
31:00 Masonry
31:00 Siege Engineers
30:40 Halberdier
33:17 Two-Man Saw
33:52 Plate Mail Armor
34:23 Blast Furnace
34:32 Arson
34:54 Hussite Reforms
35:00 Fletching
35:51 Bodkin Arrow
36:44 Murder Holes
37:56 Houfnice
38:59 Town Patrol
38:45 Man-at-Arms
39:41 Bracer
39:54 Masonry
LY006
10:58 Feudal Age
14:29 Castle Age
19:37 Imperial Age
18:02 Double-Bit Axe
29:03 Bow Saw
40:38 Two-Man Saw
小胖子
11:45 Feudal Age
15:19 Castle Age
15:53 Horse Collar
16:10 Gold Mining
16:52 Padded Archer Armor
20:10 Bloodlines
21:10 Ballistics
25:59 Husbandry
27:37 Loom
Connection lost

Rejoining the realm…

Still unreachable

The connection could not be restored.

Session expired

The server has moved on; the page needs a fresh start.